PCL
SAN JOSE MISSIONS @ MILE HIGH BRONCOS
05/03/2026
 
TOP OF THE 1ST
San Jose Missions batting - Pitching for Mile High Broncos : RHP José García
Pitching: RHP José García
Batting: LHB Mel Jones 0-0: Called Strike
0-1: Fly out, F7 (Flyball, 7D)
Batting: RHB Jorge Díaz 0-0: Ball
1-0: Ball
2-0: Ball
3-0: Foul Ball, location: 2F
3-1: DOUBLE (Line Drive, 9LM)
Batting: LHB Keith Hinkle 0-0: Called Strike
0-1: Foul Ball, location: 2F
0-2: Ball
1-2: Ball
2-2: Ball
3-2: Ground out 6-3 (Groundball, 6)
Batting: RHB Dale Taylor 0-0: Fly out, F9 (Flyball, 9LMF)
Top of the 1st over - 0 run(s), 1 hit(s), 0 error(s), 1 left on base; San Jose 0 - Mile High 0
BOTTOM OF THE 1ST
Mile High Broncos batting - Pitching for San Jose Missions : LHP Floyd Dye
Pitching: LHP Floyd Dye
Batting: SHB Tom Stevens 0-0: Ball
1-0: Ball
2-0: Bunt missed!
2-1: DOUBLE (Groundball, 3L)
Batting: RHB Su-kweon Yu 0-0: Ball
1-0: Ball
2-0: Ball
3-0: Base on Balls
Batting: RHB António Martínez 0-0: Called Strike
0-1: Ball
1-1: Ball
2-1: Foul Ball, location: 2F
2-2: Foul Ball, location: 2F
2-2: Ball
3-2: SINGLE (Line Drive, 4D)
Tom Stevens to third
Su-kweon Yu to second
Runner from 3rd tries for Home, SAFE, throw made home
Batting: RHB David Moran 0-0: Ball
1-0: Called Strike
1-1: Ball
2-1: Ball
3-1: Base on Balls
Su-kweon Yu to third
António Martínez to second
Batting: LHB Tony Báez 0-0: Ball
1-0: Ball
2-0: Swinging Strike
2-1: Called Strike
2-2: Foul Ball, location: 2F
2-2: Strikes out swinging
Batting: RHB Bo Vickers 0-0: Fly out, F8 (Flyball, 8RM)
Runner from 3rd tags up, SCORES, throw made
Batting: RHB Michael MacDonald 0-0: Ball
1-0: Called Strike
1-1: Ball
2-1: Swinging Strike
2-2: Strikes out swinging
Bottom of the 1st over - 2 run(s), 2 hit(s), 0 error(s), 2 left on base; San Jose 0 - Mile High 2
TOP OF THE 2ND
San Jose Missions batting - Pitching for Mile High Broncos : RHP José García
Batting: RHB Peyton Pennington 0-0: Called Strike
0-1: Called Strike
0-2: Ball
1-2: Ball
2-2: Fly out, F6 (Line Drive, 6)
Batting: RHB Irwin Duncan 0-0: Swinging Strike
0-1: Ball
1-1: Bunt missed!
1-2: Ground out 6-3 (Groundball, 6M)
Batting: RHB Andrew Benson 0-0: Called Strike
0-1: Called Strike
0-2: Foul Ball, location: 2F
0-2: Strikes out swinging
Top of the 2nd over - 0 run(s), 0 hit(s), 0 error(s), 0 left on base; San Jose 0 - Mile High 2
BOTTOM OF THE 2ND
Mile High Broncos batting - Pitching for San Jose Missions : LHP Floyd Dye
Batting: SHB Paco Martínez 0-0: Ground out 4-3 (Groundball, 13)
Batting: RHB Francisco Medina 0-0: Foul Ball, location: 2F
0-1: Foul Ball, location: 2F
0-2: Ball
1-2: Strikes out swinging
Batting: SHB Tom Stevens 0-0: Ball
1-0: Swinging Strike
1-1: Called Strike
1-2: Strikes out swinging
Bottom of the 2nd over - 0 run(s), 0 hit(s), 0 error(s), 0 left on base; San Jose 0 - Mile High 2
TOP OF THE 3RD
San Jose Missions batting - Pitching for Mile High Broncos : RHP José García
Batting: RHB Culley Douglas 0-0: Ball
1-0: Called Strike
1-1: Ball
2-1: Ball
3-1: SINGLE (Groundball, 6MD)
Batting: RHB Dale O'Feennaghty 0-0: Foul Ball, location: 2F
0-1: Swinging Strike
0-2: Grounds into double play, 6-4-3 (Groundball, 6)
Batting: LHB Mel Jones 0-0: Called Strike
0-1: Ball
1-1: Foul Ball, location: 2F
1-2: Foul Ball, location: 2F
1-2: Ball
2-2: Foul Ball, location: 2F
2-2: Ball
3-2: Foul Ball, location: 2F
3-2: Base on Balls
Batting: RHB Jorge Díaz Pickoff Throw to First - Out!
Top of the 3rd over - 0 run(s), 1 hit(s), 0 error(s), 0 left on base; San Jose 0 - Mile High 2
BOTTOM OF THE 3RD
Mile High Broncos batting - Pitching for San Jose Missions : LHP Floyd Dye
Batting: RHB Su-kweon Yu 0-0: Swinging Strike
0-1: Swinging Strike
0-2: Foul Ball, location: 2F
0-2: Ball
1-2: Strikes out looking
Batting: RHB António Martínez 0-0: Ball
1-0: Foul Ball, location: 2F
1-1: Foul Ball, location: 2F
1-2: Foul Ball, location: 2F
1-2: Fly out, F7 (Flyball, 7LD)
Batting: RHB David Moran 0-0: Ball
1-0: Foul Ball, location: 2F
1-1: Ball
2-1: Ball
3-1: Foul Ball, location: 2F
3-2: SINGLE (Groundball, 34)
Batting: LHB Tony Báez 0-0: Foul Ball, location: 2F
0-1: Ball
1-1: Ground out 4-3 (Groundball, 4)
Bottom of the 3rd over - 0 run(s), 1 hit(s), 0 error(s), 1 left on base; San Jose 0 - Mile High 2
TOP OF THE 4TH
San Jose Missions batting - Pitching for Mile High Broncos : RHP José García
Batting: RHB Jorge Díaz 0-0: Hit by Pitch
Batting: LHB Keith Hinkle 0-0: SINGLE (Line Drive, 8LS)
Jorge Díaz to second
Batting: RHB Dale Taylor 0-0: Ball
1-0: SINGLE (Flyball, 9LS)
Jorge Díaz to third
Keith Hinkle to second
Batting: RHB Peyton Pennington 0-0: Ball
1-0: Foul Ball, location: 2F
1-1: Foul Ball, location: 2F
1-2: SINGLE (Line Drive, 56)
Jorge Díaz scores
Keith Hinkle to third
Dale Taylor to second
Runner from 3rd tries for Home, SAFE, throw made home
Dale Taylor to third
Peyton Pennington to second
Batting: RHB Irwin Duncan 0-0: DOUBLE (Line Drive, 7D)
Dale Taylor scores
Peyton Pennington scores
Batting: RHB Andrew Benson 0-0: Ball
1-0: Ball
2-0: Called Strike
2-1: Ball
3-1: Fly out, F3 (Popup, 23F)
Batting: RHB Culley Douglas 0-0: Called Strike
0-1: Ball
1-1: Swinging Strike
1-2: Ball
2-2: Foul Ball, location: 2F
2-2: Ball
Wild Pitch!
Irwin Duncan to third
3-2: 2-RUN HOME RUN (Flyball, 7LD), Distance : 378 ft
Batting: RHB Dale O'Feennaghty 0-0: Ball
1-0: Foul Ball, location: 2F
1-1: Swinging Strike
1-2: Strikes out swinging
Batting: LHB Mel Jones 0-0: Ball
1-0: Ball
2-0: Ball
3-0: Called Strike
3-1: Base on Balls
Batting: RHB Jorge Díaz 0-0: Ball
1-0: Ball
2-0: Called Strike
2-1: Fly out, F7 (Flyball, 78M)
Top of the 4th over - 6 run(s), 5 hit(s), 0 error(s), 1 left on base; San Jose 6 - Mile High 2
BOTTOM OF THE 4TH
Mile High Broncos batting - Pitching for San Jose Missions : LHP Floyd Dye
Batting: RHB Bo Vickers 0-0: Ball
1-0: Ball
2-0: Fly out, F6 (Popup, 6MS)
Batting: RHB Michael MacDonald 0-0: Ball
1-0: Ball
2-0: Ball
3-0: Base on Balls
Batting: SHB Paco Martínez 0-0: Called Strike
0-1: Called Strike
0-2: Ball
Balk!
Michael MacDonald to second
1-2: Ball
2-2: Foul Ball, location: 2F
2-2: Strikes out swinging
Batting: RHB Francisco Medina 0-0: Ball
1-0: Ball
2-0: Foul Ball, location: 2F
2-1: Ball
3-1: Foul Ball, location: 2F
3-2: Fly out, F7 (Flyball, 78M)
Bottom of the 4th over - 0 run(s), 0 hit(s), 0 error(s), 1 left on base; San Jose 6 - Mile High 2
TOP OF THE 5TH
San Jose Missions batting - Pitching for Mile High Broncos : RHP José García
Batting: LHB Keith Hinkle 0-0: SINGLE (Groundball, 4MD)
Batting: RHB Dale Taylor 0-0: Ball
1-0: Grounds into double play, 5-4-3 (Groundball, 56)
Batting: RHB Peyton Pennington 0-0: SINGLE (Line Drive, 89S)
Batting: RHB Irwin Duncan 0-0: Ball
1-0: Ball
2-0: Ball
3-0: Called Strike
3-1: Called Strike
3-2: Foul Ball, location: 2F
3-2: Ground out 1-3 (Groundball, 13S)
Top of the 5th over - 0 run(s), 2 hit(s), 0 error(s), 1 left on base; San Jose 6 - Mile High 2
BOTTOM OF THE 5TH
Mile High Broncos batting - Pitching for San Jose Missions : LHP Floyd Dye
Batting: SHB Tom Stevens 0-0: Ball
1-0: Ball
2-0: Fly out, F8 (Flyball, 8RD)
Batting: RHB Su-kweon Yu 0-0: Ball
1-0: Foul Ball, location: 2F
1-1: Ground out U3 (Groundball, 3)
Batting: RHB António Martínez 0-0: Ball
1-0: Ball
2-0: Ball
3-0: Called Strike
3-1: Base on Balls
Pitching: LHP Morgan O'Day
Batting: RHB David Moran 0-0: Called Strike
0-1: Ball
Wild Pitch!
António Martínez to second
1-1: Foul Ball, location: 2F
1-2: Foul Ball, location: 2F
1-2: Ball
2-2: Ground out 4-3 (Groundball, 4)
Bottom of the 5th over - 0 run(s), 0 hit(s), 0 error(s), 1 left on base; San Jose 6 - Mile High 2
TOP OF THE 6TH
San Jose Missions batting - Pitching for Mile High Broncos : RHP José García
Batting: RHB Andrew Benson 0-0: Ball
1-0: Foul Ball, location: 2F
1-1: Foul Ball, location: 2F
1-2: Strikes out looking
Batting: RHB Culley Douglas 0-0: SINGLE (Groundball, 56D)
Batting: RHB Dale O'Feennaghty 0-0: Ball
1-0: Ball
2-0: Called Strike
2-1: Foul Ball, location: 2F
2-2: Ball
3-2: Base on Balls
Culley Douglas to second
Pitching: LHP Robin Wilder
Batting: LHB Mel Jones 0-0: Ball
1-0: Swinging Strike
1-1: Foul Ball, location: 2F
1-2: Ball
2-2: Ball
3-2: Strikes out swinging
Batting: RHB Jorge Díaz 0-0: Foul Ball, location: 2F
0-1: Called Strike
0-2: Ball
1-2: Foul Ball, location: 2F
1-2: Strikes out swinging
Top of the 6th over - 0 run(s), 1 hit(s), 0 error(s), 2 left on base; San Jose 6 - Mile High 2
BOTTOM OF THE 6TH
Mile High Broncos batting - Pitching for San Jose Missions : LHP Morgan O'Day
Batting: LHB Tony Báez 0-0: Ball
1-0: Called Strike
1-1: Swinging Strike
1-2: Strikes out looking
Batting: RHB Bo Vickers 0-0: Swinging Strike
0-1: Ball
1-1: Ball
2-1: Foul Ball, location: 2F
2-2: Ball
3-2: Foul Ball, location: 2F
3-2: Foul Ball, location: 2F
3-2: SINGLE (Line Drive, 7S)
Batting: RHB Michael MacDonald 0-0: Called Strike
0-1: Grounds into double play, 6-4-3 (Groundball, 6M)
Bottom of the 6th over - 0 run(s), 1 hit(s), 0 error(s), 0 left on base; San Jose 6 - Mile High 2
TOP OF THE 7TH
San Jose Missions batting - Pitching for Mile High Broncos : LHP Robin Wilder
Batting: LHB Keith Hinkle 0-0: Foul Ball, location: 2F
0-1: Ball
1-1: Ball
2-1: Swinging Strike
2-2: Ball
3-2: Base on Balls
Batting: RHB Dale Taylor 0-0: Called Strike
0-1: Ball
Keith Hinkle is caught stealing 2nd base
1-1: Called Strike
1-2: Ball
2-2: Strikes out looking
Batting: RHB Peyton Pennington 0-0: Called Strike
0-1: Foul Ball, location: 2F
0-2: Strikes out swinging
Top of the 7th over - 0 run(s), 0 hit(s), 0 error(s), 0 left on base; San Jose 6 - Mile High 2
BOTTOM OF THE 7TH
Mile High Broncos batting - Pitching for San Jose Missions : LHP Morgan O'Day
Batting: SHB Paco Martínez 0-0: Foul Ball, location: 2F
0-1: Swinging Strike
0-2: Foul Ball, location: 2F
0-2: Fly out, F9 (Line Drive, 89S)
Batting: RHB Francisco Medina 0-0: SINGLE (Groundball, 56D)
Batting: SHB Tom Stevens 0-0: Ball
1-0: Foul Ball, location: 2F
1-1: SINGLE (Groundball, 15) (infield hit)
Francisco Medina to second
Batting: RHB Su-kweon Yu 0-0: Ball
1-0: Foul Ball, location: 2F
1-1: Ball
2-1: Ball
3-1: Base on Balls
Francisco Medina to third
Tom Stevens to second
Pitching: RHP Larry West
Batting: RHB António Martínez 0-0: Ball
1-0: Ball
2-0: Called Strike
2-1: Swinging Strike
2-2: Ground out 4-3 (Groundball, 4M)
Francisco Medina scores
Tom Stevens to third
Su-kweon Yu to second
Batting: RHB David Moran 0-0: Ball
Wild Pitch!
Tom Stevens scores
Su-kweon Yu to third
1-0: Ball
2-0: Fly out, F4 (Popup, 3DF)
Bottom of the 7th over - 2 run(s), 2 hit(s), 0 error(s), 1 left on base; San Jose 6 - Mile High 4
TOP OF THE 8TH
San Jose Missions batting - Pitching for Mile High Broncos : LHP Robin Wilder
Batting: RHB Irwin Duncan 0-0: Ball
1-0: Ball
2-0: Ball
3-0: Base on Balls
Batting: RHB Andrew Benson 0-0: Bunt missed!
0-1: Bunted foul
0-2: Foul Ball, location: 2F
0-2: Ball
1-2: Ball
2-2: Ball
3-2: Base on Balls
Irwin Duncan to second
Pinch Hitting: RHB Chang-geun Kim 0-0: Ball
1-0: Bunted foul
1-1: Bunted foul
1-2: Strikes out swinging
Pitching: RHP David Bailey
Batting: RHB Dale O'Feennaghty 0-0: Foul Ball, location: 2F
0-1: Swinging Strike
0-2: Strikes out looking
Batting: LHB Mel Jones 0-0: Ball
1-0: Ball
2-0: Foul Ball, location: 2F
2-1: Ground out 3-1 (Groundball, 34)
Top of the 8th over - 0 run(s), 0 hit(s), 0 error(s), 2 left on base; San Jose 6 - Mile High 4
BOTTOM OF THE 8TH
Mile High Broncos batting - Pitching for San Jose Missions : RHP Larry West
Now at 3B: Bobby Brewster
Batting: LHB Tony Báez 0-0: Called Strike
0-1: Called Strike
0-2: Ball
1-2: Ball
2-2: Ground out 4-3 (Groundball, 34)
Batting: RHB Bo Vickers 0-0: Called Strike
0-1: SINGLE (Groundball, 5D)
Batting: RHB Michael MacDonald 0-0: Called Strike
0-1: Ball
1-1: Swinging Strike
1-2: Fly out, F8 (Line Drive, 8RM)
Batting: SHB Paco Martínez 0-0: Called Strike
0-1: Swinging Strike
0-2: Ball
1-2: Ball
2-2: Ball
3-2: Foul Ball, location: 2F
3-2: SINGLE (Flyball, 7S)
Bo Vickers to second
Bo Vickers to third
Batting: RHB Francisco Medina 0-0: Ball
1-0: Ball
2-0: Called Strike
2-1: Ball
3-1: Fielders Choice at 2nd, 6-4 (Groundball, 6)
Bottom of the 8th over - 0 run(s), 2 hit(s), 0 error(s), 1 left on base; San Jose 6 - Mile High 4
TOP OF THE 9TH
San Jose Missions batting - Pitching for Mile High Broncos : RHP David Bailey
Batting: RHB Jorge Díaz 0-0: Called Strike
0-1: Ball
1-1: Ground out 6-3 (Groundball, 6M)
Batting: LHB Keith Hinkle 0-0: SINGLE (Groundball, 4MD)
Batting: RHB Dale Taylor 0-0: Foul Ball, location: 2F
0-1: Grounds into double play, 5-4-3 (Groundball, 56)
Top of the 9th over - 0 run(s), 1 hit(s), 0 error(s), 0 left on base; San Jose 6 - Mile High 4
BOTTOM OF THE 9TH
Mile High Broncos batting - Pitching for San Jose Missions : RHP Larry West
Batting: SHB Tom Stevens 0-0: Foul Ball, location: 2F
0-1: Foul Ball, location: 2F
0-2: Ball
1-2: Ball
2-2: Foul Ball, location: 2F
2-2: Ball
3-2: Base on Balls
Pitching: RHP José Reyes
Batting: RHB Su-kweon Yu 0-0: Ball
1-0: Called Strike
1-1: Called Strike
1-2: Strikes out swinging
Batting: RHB António Martínez 0-0: Ball
1-0: Ball
2-0: Swinging Strike
2-1: Fly out, F8 (Flyball, 8LXD)
Batting: RHB David Moran 0-0: Foul Ball, location: 2F
0-1: Called Strike
0-2: Strikes out looking
Bottom of the 9th over - 0 run(s), 0 hit(s), 0 error(s), 1 left on base; San Jose 6 - Mile High 4
Monday, December 5th, 2016 - OOTP Baseball 17.12 Build 75